[Event "Sunway Sitges Chess Festival"]
[Date "2024.12.21"]
[White "Pniaczek, Marek"]
[Black "Isanzhulov, Arystan"]
[WhiteElo "2132"]
[BlackElo "2395"]
[Round "2.24"]
[Result "0-1"]
[TimeControl "40/5400+30:1800+30"]

1. e4 g6 2. d4 d6 3. Nf3 Bg7 4. Bd3 Nd7 5.
O-O e5 6. c3 Ngf6 7. Re1 O-O 8. Nbd2 Re8 9. h3 h6 10.
Nf1 d5 11. Nxe5 Nxe5 12. dxe5 Rxe5 13. f4 Re8 14. e5 Nh7 15. Ng3 Nf8 16. Qf3 Qh4 17. Bd2 Bd7
18. Rf1 Rad8 19. f5 Rxe5 20. fxg6 fxg6
21. Bf4 Re6 22. Bxc7 Rc8 23. Bf4 Bc6 24. Qf2 Nd7 25. Rae1 Rf6 26. Qd2 Rcf8 27.
Bc7 Nc5 28. Rxf6 Rxf6 29. Bc2 Re6 30. Kh2 Kh7 31. Rxe6 Nxe6 32. Qd3 Qg5 33. Bb8 d4 34. cxd4 Nxd4 35. Bb1 h5 36. Kg1 Nf5 37. Kh2 Ne3 38. Kg1 Nxg2 39. Kh2 Nh4 0-1

[Variant "Standard"]
[Site "Europe Echecs"]

[Event "Sunway Sitges Chess Festival"]
[Date "2024.12.21"]
[White "Hess, Max"]
[Black "Sijpkens, Michiel"]
[WhiteElo "2385"]
[BlackElo "2120"]
[Round "2.25"]
[Result "1-0"]
[TimeControl "40/5400+30:1800+30"]

1. e4 c6 2. d4 d5 3. e5 Bf5 4. h4 h5 5. Bd3 Bxd3 6. Qxd3 Qa5+ 7. c3 Qa6 8. Qf3 e6 9. b4 Qa4 10. Ne2 a5 11. bxa5 c5 12. O-O Nc6 13. Be3 Nge7 14. Nd2 Nf5 15. Rfb1 cxd4 16. cxd4 Bb4 17. Nb3 Nxh4 18. Qh3 Nf5 19. Bg5 Bxa5 20. Nf4 Bd8 21.
Nxh5 Kf8 22. Bxd8 Nxd8 23. Qg4 b6 24. Qg5 g6 25. Nf4 Nxd4 26. Qf6 Rh6 27. Nxd4 Qxd4 28. Rd1 Qc5 29. Qg5 Rh7 30. Qf6 Rh6 31. Qg5 Rh7 32. Rac1 Qe7 33. Qxe7+ Kxe7 34. Nxg6+ Ke8 35. Rc7 fxg6 36.
Rxh7 Nf7 37. Rc1 Ra7 38. Rc6 Nd8 39.
Rxe6+ Nxe6 40. Rxa7 1-0

[Variant "Standard"]
[Site "Europe Echecs"]

[Event "Sunway Sitges Chess Festival"]
[Date "2024.12.21"]
[White "De Seroux, Camille"]
[Black "Anwesh, Upadhyaya"]
[WhiteElo "2126"]
[BlackElo "2379"]
[Round "2.26"]
[Result "0-1"]
[TimeControl "40/5400+30:1800+30"]

1. e4 c6 2. Nc3 g6 3. d4 d5 4. e5 Bg7 5. Be2 Nh6 6. h4 f6 7. exf6 exf6 8. Bf4
Nf7 9. Qd2 O-O 10. O-O-O b5 11. g4 Nd7 12. Nf3 Nb6 13. Rdg1 Re8 14. g5 Bf5 15.
h5 b4 16. Nb1 Be4 17. hxg6 hxg6 18. Rh2 Nc4 19. Bxc4 dxc4 20. gxf6 Qxf6 21. Nh4
Rad8 22. c3 c5 23. Be3 bxc3 24. Nxc3 cxd4 25. Nxe4 Rxe4 26. Rxg6 dxe3 27. Qc2 e2
0-1

[Variant "Standard"]
[Site "Europe Echecs"]

[Event "Sunway Sitges Chess Festival"]
[Date "2024.12.21"]
[White "Hu, Jiani"]
[Black "Sofronie, Iulian"]
[WhiteElo "2101"]
[BlackElo "2368"]
[Round "2.27"]
[Result "1/2-1/2"]
[TimeControl "40/5400+30:1800+30"]

1. e4 e5 2. Nf3 Nc6 3. d4 exd4 4. Nxd4 Nf6 5. Nc3 Bb4 6. Nxc6 bxc6 7. Bd3 O-O 8. O-O d5 9. exd5 cxd5 10. Bg5 Be6 11. Qf3 h6 12. Bxf6 Qxf6 13. Qxf6 gxf6 14. Ne2 c5 15. Nf4 c4 16. Be2 Bd6 17. Nxe6 fxe6 18. b3 Be5 19. Rad1 cxb3 20. axb3 Bc3 21. f4 Rad8 22. Rf3 Bb4 23. Kf1 f5 24. Rfd3 Ba5 25. c4 dxc4 26. Rxd8 Rxd8 27. Rxd8+ Bxd8 28. Bxc4 Kf7 29. Kf2 Kf6 30. Kf3 e5 1/2-1/2

[Variant "Standard"]
[Site "Europe Echecs"]

[Event "Sunway Sitges Chess Festival"]
[Date "2024.12.21"]
[White "Song, Edward"]
[Black "Koskinen, Henri"]
[WhiteElo "2363"]
[BlackElo "2118"]
[Round "2.28"]
[Result "1-0"]
[TimeControl "40/5400+30:1800+30"]

1. e4 e5 2. Nf3 Nc6 3. Bb5 a6 4. Ba4 Nf6 5. O-O Be7 6. Re1 b5 7. Bb3 d6 8. c3 O-O 9. h3 Na5 10. Bc2 c5 11. d4 Qc7 12. d5 Bd7 13. b3 Nb7 14. c4 Rfb8 15. Nc3 g6 16. Bd3 b4 17. Ne2 Nh5 18. g4 Ng7 19. Ng3 f6 20. Kh2 Nd8 21. Bd2 Nf7 22. Rg1 Kh8 23. Ne1 Rg8 24. Ng2 a5 25. a4 Raf8 26. Ne3 Qd8 27. Qe2 Bc8 28. Rg2 Qd7 29. Rh1 Qe8 30. Kg1 f5 31. exf5 gxf5 32. Nexf5 Nxf5 33. Bxf5 Bg5 34. Bxg5 Nxg5 35. h4 Nf7 36. Bxc8 Qxc8 37. g5 e4 38. Nxe4 Ne5 39. Nxd6 Nf3+ 40. Qxf3 1-0

[Variant "Standard"]
[Site "Europe Echecs"]

[Event "Sunway Sitges Chess Festival"]
[Date "2024.12.21"]
[White "Ghazaryan, Raffi"]
[Black "kiladze, Luka"]
[WhiteElo "2097"]
[BlackElo "2359"]
[Round "2.29"]
[Result "1/2-1/2"]
[TimeControl "40/5400+30:1800+30"]

1. d4 Nf6 2. c4 e6 3. Nc3 d5 4. Nf3 a6 5. cxd5 exd5 6. Bg5 Be6 7. e3 Nbd7 8. Bd3 Bd6 9. O-O c6 10. Bf4 Qc7 11. Qd2 O-O 12. h3 Nb6 13. Bxd6 Qxd6 14. Rfe1 Rfe8 15. a3 Qd8 16. Ne5 Nc8 17. b4 Nd6 18. Qc2 g6 19. a4 Rc8 20. Qb2 Nfe4 21. Rac1 f6 22. Nf3 b5 23. Nd2 Nxd2 24. Qxd2 f5 25. f3 Qg5 26. Qf2 f4 27. h4 fxe3 28. hxg5 exf2+ 29. Kxf2 Kf7 30. a5 1/2-1/2

[Variant "Standard"]
[Site "Europe Echecs"]

[Event "Sunway Sitges Chess Festival"]
[Date "2024.12.21"]
[White "Tan, Jun Ying"]
[Black "Srijak Sengupta"]
[WhiteElo "2357"]
[BlackElo "2112"]
[Round "2.30"]
[Result "1-0"]
[TimeControl "40/5400+30:1800+30"]

1. Nf3 Nf6 2. c4 e6 3. g3 Be7 4. Bg2 d5 5. O-O O-O 6. b3 c5 7. e3 b6 8. Bb2 Bb7 9.
Nc3 Nbd7 10. d3 a6 11. Qe2 Qc7 12. Rad1 Rac8 13. Nh4 Rfd8 14. f4 dxc4 15. bxc4 Bxg2 16. Nxg2 Qc6 17. a4 Nb8 18. g4 Qb7 19. g5 Ne8 20. h4 Nc6 21. h5 Nb4 22. h6 g6 23. Ne1 f6 24. Ne4 Nxd3 25. Qf3 Nd6 26. Nxf6+ Bxf6 27. Qxb7 Nxb7 28. Bxf6 Nxe1 29.
Bxd8 Nc2 30. Bxb6 Nxe3 31. Rd7 Nxf1 32.
Kxf1 1-0

[Variant "Standard"]
[Site "Europe Echecs"]

[Event "Sunway Sitges Chess Festival"]
[Date "2024.12.21"]
[White "Grimault, Nathan"]
[Black "Arkell, Keith C"]
[WhiteElo "2086"]
[BlackElo "2355"]
[Round "2.31"]
[Result "1-0"]
[TimeControl "40/5400+30:1800+30"]

1. d4 Nf6 2. c4 e6 3. Nc3 Bb4 4. Qc2 Nc6 5. Nf3 O-O 6. Bg5 h6 7. Bh4 d5 8. e3 Be7 9. a3 a6 10.
Rc1 dxc4 11. Bxc4 b5 12. Ba2 Bb7 13. Bxf6 Bxf6 14. Bb1 g6 15. Ne4 Be7 16. h4 h5 17. Nfg5 Na5 18. O-O Bxe4 19. Qxe4 Bxg5 20. hxg5 Qxg5 21. Rc5 Qf6 22.
Ba2 Ra7 23. Rfc1 Rc8 24. a4 Nb7 25. Rxc7 Rxc7 26. Rxc7 Nd6 27. Qc6 Rxc7 28. Qxc7 Ne4 29. Qc2 Qh4 30. d5 exd5 31. Bxd5 Ng5 32. axb5 axb5 33. Qxg6+ Kf8 34. Qd6+ Kg7 35. Qe5+ Kg6 36. Bb3 Qg4 37. Bc2+ f5 38. Qe8+ Kf6 39. Qd8+ Kg7 40. Bd1 Qh4 41. Qd7+ Kf6 42. Qxb5 Ne4 43. Qc6+ Kg7 44. Qc2 Qg5 45. Bf3 Nf6 46. b4 h4 47. b5 Ng4 48. b6 Ne5 49. Qc7+ 1-0

[Variant "Standard"]
[Site "Europe Echecs"]

[Event "Sunway Sitges Chess Festival"]
[Date "2024.12.21"]
[White "Schulman, Julia"]
[Black "Garmendia Vega, Gabriel"]
[WhiteElo "1852"]
[BlackElo "2017"]
[Round "2.32"]
[Result "1/2-1/2"]
[TimeControl "40/5400+30:1800+30"]

1. e4 c5 2. Nf3 d6 3. d4 cxd4 4. Nxd4 Nf6 5. Nc3 a6 6. Rg1 e5 7. Nb3 h5 8. Bg5 Be6 9. Qd2 Nbd7 10. O-O-O Be7 11. f4 Rc8 12. Kb1 b5 13. Bd3 Nb6 14. h3 Nc4 15. Qe1 Qc7 16. Bxf6 Bxf6 17. f5 Bd7 18. Nd5 Qb8 19. g4 hxg4 20. Nxf6+ gxf6 21. hxg4 Rg8 22. Qh4 Rg5 23. Nd2 Nxd2+ 24. Rxd2 Ke7 25. Be2 Bc6 26. Bf3 Qa8 27. Qe1 Rd8 28. Qe3 Qb7 29. Rgd1 Rgg8 30. Rg1 Rg5 31. Rgd1 Rd7 32. Rh2 Qa7 33. Qb3 Qc5 34. Rh7 Qc4 35. Qe3 Qc5 36. Qb3 Qc4 37. Qe3 Rg8 38. Rh5 Qc5 39. Qb3 Rdd8 40. Rh7 Qc4 41. Qe3 Qc5 42. Qb3 Rdf8 43. Qd3 Bb7 44.
Qd2 1/2-1/2

[Variant "Standard"]
[Site "Europe Echecs"]

[Event "Sunway Sitges Chess Festival"]
[Date "2024.12.21"]
[White "Song, Edward"]
[Black "Alekseenko, Kirill"]
[WhiteElo "2363"]
[BlackElo "2673"]
[Round "3.1"]
[Result "1-0"]
[TimeControl "40/5400+30:1800+30"]

1. e4 e5 2. Nf3 Nc6 3. Bb5 a6 4. Ba4 Nf6 5. O-O Be7 6. Re1 b5 7. Bb3 d6 8. c3 O-O 9. h3 Nd7 10. d4 Nb6 11. Nbd2 Bf6 12. Nf1 a5 13. Ne3 a4 14. Bc2 Ne7 15. Ng4 Ng6 16. dxe5 Bxe5 17. Bg5 Qe8 18. Nd4 a3 19. b3 Bxg4 20. Qxg4 c5 21. Ne2 b4 22. Rad1 Qc6 23. f4 Bxc3 24. Nxc3 bxc3 25. e5 Rae8 26. h4 dxe5 27. f5 Nf4 28. Be4 Qc7 29. Bh6 f6 30. Qg3 Re7 31. Bxf4 exf4 32. Qxc3 Rfe8 33. Bf3 Re3 34. Qa5 g6 35. Rf1 Kg7 36. Rc1 R8e5 37. fxg6 hxg6 38. Qxa3 c4 39. Qb4 Qa7 40. Kh1 Re8 41. bxc4 Nd7 42. c5 Ne5 43. c6 Rb8 44. Qxb8 Qxb8 45. c7 Qc8 46. Bb7 Rh3+ 47. Kg1 Qxb7 48. c8=Q Qxc8 49. Rxc8 Rxh4 50. Rc2 g5 51. a4 f3 52. Ra1 fxg2 53. Rxg2 Nf3+ 54. Kf2 Nd4 55. a5 Nc2 56. Ra2 Nb4 57. Ra3 Na6 58. Rgg3 Kg6 59. Rgb3 Rf4+ 60. Kg2 Rg4+ 61. Kf1 Rf4+ 62. Ke2 Re4+ 63. Re3 Rh4 64. Rh3 Re4+ 65. Rhe3 Rh4 66. Re6 Nc7 67. Rb6 Nd5 68. Rbb3 Nf4+ 69. Kf2 Rh2+ 70. Kg1 Rh8 71. a6 Ne2+ 72. Kg2 Nd4 73. Rb6 Nc2 74. Rc3 Nd4 75. a7 Ra8 76. Ra3 1-0

[Variant "Standard"]
[Site "Europe Echecs"]

[Event "Sunway Sitges Chess Festival"]
[Date "2024.12.21"]
[White "Tan, Jun Ying"]
[Black "Tin, Jingyao"]
[WhiteElo "2357"]
[BlackElo "2480"]
[Round "3.2"]
[Result "0-1"]
[TimeControl "40/5400+30:1800+30"]

1. d4 Nf6 2. c4 e6 3. Nf3 d5 4. Nc3 Be7 5. cxd5 exd5 6. Bf4 O-O 7. e3 c6 8. h3 Bf5 9. Bd3 Bxd3 10. Qxd3 Nbd7 11. O-O Re8 12. Ne5 Nxe5 13. Bxe5 Nd7 14. Bh2 Bf8 15. Rac1 Re6 16. Ne2 Qb6 17. Qc2 Ree8 18. Nf4 Nf6 19. Ne2 Qd8 20. Nc3 Re6 21. Qf5 a5 22. Rc2 a4 23. Be5 Nd7 24. Bg3 Nb6 25. Ne2 Nc4 26. Nf4 Re8 27. Nd3 Ra5 28. Qf3 Rb5 29. Rfc1 Qb6 30. Qe2 Qa6 31. Qf3 Qa5 32. Qe2 Qa6 33. Qf3 Re6 34. Kh1 Re8 35. Kg1 Qb6 36. Qe2 Be7 37. Ne5 Nxe5 38. Bxe5 Rb4 39. Qd2 Bf8 40. Kh1 Ra8 41. Qe2 Re8 42. Qd2 Qb5 43. Bg3 Ra8 44. Bc7 Rc8 45. Bg3 Qb6 46. Qe2 Re8 47. Rd1 Re6 48. Qd2 Be7 49. Rdc1 Bf8 50. Rd1 Re8 51. Qe2 Ra8 52. Qd2 Ra5 53. Qe2 Rab5 54. Rdd2 Qd8 55. Rd1 Qf6 56. Rdd2 Qf5 57. Rd1 Qg6 58. Rdd2 Ra5 59. Rc1 Ra8 60. Rdc2 Re8 61. Qf3 Qd3 62. Qd1 Qe4 63. Qd2 Re6 64. Rg1 Be7 65. Rcc1 Rh6 66. Kh2 Rg6 67. Bf4 h5 68. f3 Qe6 69. Rge1 Rb5 70. Re2 Bd6 71. Bxd6 Qxd6+ 72. Kh1 Re6 73. Qe1 Qe7 74. Qf2 Rb4 75. Rce1 Rc4 76. e4 dxe4 77. fxe4 Qg5 78. e5 Rc1 79. Kh2 Rxe1 80. Rxe1 Re7 81. Rf1 Rd7 82. Qf4 Qg6 83. Rf3 Qe6 84. b3 a3 85. Rg3 g6 86. Qe4 Qd5 87. Qc2 Kg7 88. Qc1 Qxd4 89. Qg5 Qd5 90. Qxh5 Re7 91. Qh4 Qxe5 92. Kh1 Qa1+ 93. Kh2 Re2 94. Qf4 Qf6 95. Qg4 Rxa2 96. h4 Rf2 97. h5 Rf4 98. Qd1 Rh4+ 99. Kg1 a2 0-1

[Variant "Standard"]
[Site "Europe Echecs"]

[Event "Sunway Sitges Chess Festival"]
[Date "2024.12.21"]
[White "Maurizzi, Marc`Andria"]
[Black "Dhruva Thota"]
[WhiteElo "2477"]
[BlackElo "2351"]
[Round "3.3"]
[Result "1-0"]
[TimeControl "40/5400+30:1800+30"]

1. e4 c5 2. Nf3 d6 3. d4 cxd4 4. Nxd4 Nf6 5. Nc3 a6 6. Qd3 Nbd7 7. Be2 g6 8. Bg5 Bg7 9. f4 O-O 10. O-O-O Qc7 11. g4 e5 12. Nb3 h6 13. Bxf6 Bxf6 14. f5 Be7 15. h4 Nb6 16. g5 hxg5 17. hxg5 Bxg5+ 18. Kb1 Rd8 19.
fxg6 fxg6 20. Rdg1 Bf6 21. Rxg6+ Bg7 22. Rhg1 Rd7 23. Nd5 Nxd5 24. Qxd5+ Kh7 25. Rh6+ Kxh6 26. Qe6+ Kh7 27. Rh1+ 1-0

[Variant "Standard"]
[Site "Europe Echecs"]

[Event "Sunway Sitges Chess Festival"]
[Date "2024.12.21"]
[White "Naoum, Spyridon"]
[Black "Gorshtein, Ido"]
[WhiteElo "2338"]
[BlackElo "2422"]
[Round "3.4"]
[Result "0-1"]
[TimeControl "40/5400+30:1800+30"]

1. f4 d5 2. Nf3 Bg4 3. e3 Nf6 4. b3 g6 5. h3 Bxf3 6. Qxf3 Bg7 7. Bb2 O-O 8. d3 Nbd7 9. Nd2 c6 10. d4 Qa5 11. c3 c5 12. Be2 cxd4 13. exd4 e6 14. O-O Ne8 15. a4 Nd6 16. Ba3 Qc7 17. Rac1 Rfd8 18. Bd3 Nf6 19. Kh1 Rac8 20. Bb2 Qb6 21. Qe2 h5 22. b4 Nf5 23. Qf2 Qd6 24. Rg1 Bh6 25. Rcf1 Kg7 26. g3 Rh8 27. Qf3 Kg8 28. Kg2 Bg7 29. Re1 Kh7 30. Kf1 Bh6 31. Re5 Nxd4 32. cxd4 Qxb4 33. Ke2 Qxb2 34. g4 Qxd4 35. Rf1 hxg4 36. hxg4 Nd7 37. Re3 Kg8 38. g5 Bf8 39. Qg4 Rh2+ 40. Kf3 Rc3 0-1

[Variant "Standard"]
[Site "Europe Echecs"]

[Event "Sunway Sitges Chess Festival"]
[Date "2024.12.21"]
[White "Vetokhin, Savva"]
[Black "Alinasab, Mobina"]
[WhiteElo "2502"]
[BlackElo "2330"]
[Round "3.5"]
[Result "1-0"]
[TimeControl "40/5400+30:1800+30"]

1. d4 Nf6 2. c4 e6 3. Nc3 Bb4 4. e3 c5 5. Nf3 Nc6 6. Bd3 O-O 7. dxc5 Bxc3+ 8. bxc3 Qa5 9. Qb3 b6 10. cxb6 axb6 11. a4 Ba6 12. Ba3 Rfc8 13. Bd6 Ne8 14. Bg3 Qc5 15. O-O Na5 16. Qc2 Nf6 17. Be5 Bxc4 18. Bxf6 Bxd3 19. Qxd3 gxf6 20. Qxd7 Rd8 21. Qb5 Qxb5 22. axb5 Rac8 23. Ra3 Nc4 24. Ra6 Nd2 25. Rc1 Nb3 26. Re1 Rd6 27. Nd4 Nxd4 28. cxd4 Rc2 29. h3 Rb2 30. Rc1 Rxb5 31. Ra8+ Kg7 32. Rc7 e5 33. Raa7 exd4 34. Rxf7+ Kg6 35. g4 f5 36. Rg7+ Kf6 37. g5+ Ke5 38. Rae7+ Kd5 39. exd4 Kxd4 40. Rxh7 f4 41. h4 Re5 42. Rxe5 Kxe5 43. Rf7 b5 44. h5 b4 45. g6 b3 46. g7 b2 47. Rb7 Rd8 48. h6 Kf6 49. Rxb2 Kg6 50. Rb6+ Kf7 51. Kg2 Rc8 52. Kf3 Ra8 53. Rb7+ Kg8 54. Rb5 Kh7 55. Rb6 Ra3+ 56. Kg4 Ra8 57. Rf6 1-0

[Variant "Standard"]
[Site "Europe Echecs"]

[Event "Sunway Sitges Chess Festival"]
[Date "2024.12.21"]
[White "Shamatava, Nikolozi"]
[Black "Velten, Paul"]
[WhiteElo "2334"]
[BlackElo "2501"]
[Round "3.6"]
[Result "1-0"]
[TimeControl "40/5400+30:1800+30"]

1. e4 c5 2. Nf3 d6 3. d4 cxd4 4. Nxd4 Nf6 5. Nc3 a6 6. a3 Nc6 7. Be2 g6 8. Be3 Bg7 9. Qd2 Ng4 10. Nxc6 bxc6 11. Bxg4 Bxg4 12. Bh6 O-O 13. f3 Be6 14. h4 Qa5 15. Bxg7 Kxg7 16. h5 g5 17. h6+ Kh8 18. O-O-O f6 19. Ne2 Qxd2+ 20. Rxd2 Kg8 21. Nd4 Bd7 22. Nf5 Kf7 23. g4 Rab8 24. Ne3 Be6 25. Rhh2 Rb5 26. c3 Re5 27. c4 Rb8 28. Kc2 Bxc4 29. Nxc4 Rc5 30. Kc3 d5 31. b3 dxc4 32. b4 Rcb5 33. Rb2 Ke6 34. a4 R5b7 35. Kxc4 Ke5 36. Rb3 Kf4 37. Rhb2 Rd7 38. Kc5 Ke5 39. Rc2 a5 40. Rcc3 Rdb7 41. Rc4 Rd7 42. Rcc3 Rdb7 43. Rc4 Ra7 44. Kxc6 axb4 45. Rbxb4 Rba8 46. Rb7 Ra6+ 47. Kd7 Kf4 48. e5+ Kxf3 49. e6 R8a7 50. Rxa7 Rxa7+ 51. Ke8 f5 52.
gxf5 g4 53. Kf7 g3 54. f6 exf6+ 55. e7 g2 56. Rc1 f5 57. Kf8 Ra8+ 58. e8=Q Rxe8+ 59. Kxe8 f4 60. a5 Kf2 61. a6 1-0

[Variant "Standard"]
[Site "Europe Echecs"]

[Event "Sunway Sitges Chess Festival"]
[Date "2024.12.21"]
[White "Filgueiras, Nathan Felipe"]
[Black "Ilamparthi A R"]
[WhiteElo "2328"]
[BlackElo "2391"]
[Round "3.7"]
[Result "1/2-1/2"]
[TimeControl "40/5400+30:1800+30"]

1. e4 e5 2. Nf3 Nc6 3. Nc3 Nf6 4. h3 g6 5. d4 exd4 6. Nxd4 Bg7 7. Nxc6 bxc6 8. Bc4 O-O 9. O-O Re8 10. Re1 d5 11. Bg5 dxc4 12. Qxd8 Rxd8 13. e5 Bf5 14. exf6 Bf8 15. Re2 Rd7 16. g4 Be6 17. Be3 a6 18. Kg2 h6 19. f4 Kh7 20. Kg3 Bd6 21. Ne4 g5 22. Nxd6 gxf4+ 23. Bxf4 cxd6 24. Rd1 Rad8 25. c3 Kg6 26. Red2 Bd5 27. Re1 Be6 28. Red1 Bd5 29. Re1 Be6 30. Red1 Bd5 1/2-1/2

[Variant "Standard"]
[Site "Europe Echecs"]

[Event "Sunway Sitges Chess Festival"]
[Date "2024.12.21"]
[White "Karimov, Alisher"]
[Black "Raczek, Krzysztof"]
[WhiteElo "2296"]
[BlackElo "2443"]
[Round "3.8"]
[Result "1/2-1/2"]
[TimeControl "40/5400+30:1800+30"]

1. d4 Nf6 2. c4 e6 3. Nc3 Bb4 4. e3 O-O 5. Bd3 d5 6. a3 dxc4 7. Bxc4 Be7 8. Nf3 c5 9. dxc5 Qxd1+ 10. Nxd1 Bxc5 11. b4 Be7 12. Bb2 Bd7 13. O-O Rc8 14. Rc1 Be8 15. Nd2 Nbd7 16. Nc3 Ne5 17. Be2 Rd8 18. Nce4 Nxe4 19. Nxe4 Nd3 20. Rc7 Nxb2 21. Rxe7 Kf8 22. Rc7 h6 23. Rb1 Na4 24. Bf3 Bc6 25. b5 Bd5 26. Rbc1 a6 27. bxa6 Rxa6 28. h3 Rb6 29. Nd2 Rc6 30. R1xc6 bxc6 31. Bxd5 Rxd5 32. Nc4 c5 1/2-1/2

[Variant "Standard"]
[Site "Europe Echecs"]

[Event "Sunway Sitges Chess Festival"]
[Date "2024.12.21"]
[White "Lomaia, Diana"]
[Black "Ivanchuk, Vasyl"]
[WhiteElo "2047"]
[BlackElo "2630"]
[Round "3.9"]
[Result "0-1"]
[TimeControl "40/5400+30:1800+30"]

1. d4 e6 2. c4 Nf6 3. Nc3 Bb4 4. Nf3 c5 5. g3 Nc6 6. Bg2 Ne4 7. Bd2 Nxd2 8. Qxd2 cxd4 9. Nxd4 O-O 10. O-O Ne5 11. b3 a6 12. Rac1 Be7 13. Rfd1 d6 14. e3 Qc7 15. Nce2 Bd7 16. Rc2 Rac8 17. Nf4 Qb8 18. a4 Ng4 19. a5 Nf6 20. Nde2 Bc6 21. Bxc6 bxc6 22. b4 d5 23. c5 e5 24. Nd3 Ne4 25. Qc1 Ng5 26. Qb2 Bf6 27. Qb3 Rc7 28. h4 Nf3+ 29. Kg2 e4 30. Ne1 Ne5 31. Nd4 Qc8 32. f3 Re8 33. Re2 exf3+ 34. Nexf3 Qg4 35. Rde1 h5 36. e4 Nxf3 37. Nxf3 dxe4 38. Nd2 Rce7 39. Kh2 Bxh4 40. gxh4 e3 41. Nf1 Qxh4+ 42. Kg2 Re5 43. Ng3 Rg5 44. Rxe3 Rxg3+ 45. Rxg3 Rxe1 0-1

[Variant "Standard"]
[Site "Europe Echecs"]

[Event "Sunway Sitges Chess Festival"]
[Date "2024.12.21"]
[White "Tin, Jingyao"]
[Black "Abergel, Thal"]
[WhiteElo "2480"]
[BlackElo "2411"]
[Round "4.1"]
[Result "1/2-1/2"]
[TimeControl "40/5400+30:1800+30"]

1. d4 d5 2. c4 e6 3. Nf3 Nf6 4. g3 Be7 5. Bg2 O-O 6. O-O c6 7. Qc2 b6 8. Rd1 Bb7 9. b3 Na6 10. Nc3 c5 11. dxc5 bxc5 12. cxd5 exd5 13. Nh4 Nb4 14. Qb1 Re8 15. Nf5 Bf8 16. a3 Na6 17. Bg5 Nc7 18. Ne3 h6 19. Bxf6 Qxf6 20. Ncxd5 Nxd5 21. Bxd5 Rab8 22. Bxb7 Rxb7 23. Qc2 h5 24. Rab1 h4 25. Rd5 Rbe7 26. Rbd1 Re4 27. Rf5 Qc6 28. Rf3 g6 29. gxh4 Rxh4 30. Nd5 Bg7 31. h3 c4 32. bxc4 Rxc4 33. Qb3 Be5 34. Rxf7 Kxf7 35. Ne3 Rc8 36. Nxc4 Qxc4 37. Rd7+ Ke6 38. Qxc4+ Rxc4 39. Rxa7 Rc2 40.
Kf1 Ra2 41. Ra8 Bd6 42. a4 Bb4 43. Ra6+ Kf5 44. Ra8 Kf6 1/2-1/2

[Variant "Standard"]
[Site "Europe Echecs"]

[Event "Sunway Sitges Chess Festival"]
[Date "2024.12.21"]
[White "Xu, Minghui"]
[Black "Maurizzi, Marc`Andria"]
[WhiteElo "2405"]
[BlackElo "2477"]
[Round "4.2"]
[Result "1/2-1/2"]
[TimeControl "40/5400+30:1800+30"]

1. d4 e6 2. Nf3 Nf6 3. Bf4 d5 4. e3 c5 5. Nbd2 Qb6 6. Rb1 Bd7 7. dxc5 Bxc5 8. b4 Be7 9. b5 O-O 10. Bd3 Rd8 11. Qe2 Be8 12. e4 dxe4 13. Nxe4 Nbd7 14. O-O Rac8 15. Nxf6+ Bxf6 16. c4 Nc5 17. Bc2 Rd7 18. h4 Rcd8 19. Rbd1 Be7 20. h5 f6 21. g4 Bf7 22. Be3 Qc7 23. Rxd7 Rxd7 24. Kg2 e5 25. Bf5 Rd8 26. Qc2 e4 27. Bxe4 Nxe4 28. Qxe4 Qxc4 29. Qxc4 Bxc4 30. Rc1 Bxb5 31. Nd4 Bd7 32. Rc7 Bd6 33. Rxb7 Bxg4 34. Rxa7 Rd7 35. Ra5 Bc7 36. Rb5 Re7 37. a4 Bd7 38. Rb4 h6 39. Rc4 Be8 40. Nc6 Re6 41. Nd4 Re7 42. Nc6 Rd7 43. a5 Bf7 44. Rc5 Bd6 45. Rc1 Rc7 46. Nd4 Rxc1 47. Bxc1 Bc4 48. Bd2 Kf7 49. Kf3 Ke8 50. Bf4 Bf8 51. a6 Bxa6 52. Ne6 Bb7+ 53. Kg3 Bc8 54. Nxf8 Kxf8 55. Bd6+ Kf7 56. Kh4 Bd7 57. Bc5 Bc8 58. Bd6 Bd7 59. Bc5 1/2-1/2

[Variant "Standard"]
[Site "Europe Echecs"]

[Event "Sunway Sitges Chess Festival"]
[Date "2024.12.21"]
[White "Gorshtein, Ido"]
[Black "Isanzhulov, Arystan"]
[WhiteElo "2422"]
[BlackElo "2395"]
[Round "4.3"]
[Result "1-0"]
[TimeControl "40/5400+30:1800+30"]

1. c4 Nf6 2. Nc3 e6 3. Nf3 d5 4. e3 a6 5. b3 b6 6. Bb2 Bb7 7. cxd5 exd5 8. d4 Nbd7 9. g3 Bd6 10. Bg2 O-O 11. O-O Re8 12. Ne2 c5 13. dxc5 bxc5 14. Nf4 Rc8 15. Nh4 Be5 16. Bxe5 Nxe5 17. Nf3 Ng6 18. Nxg6 hxg6 19. Rc1 a5 20. Ng5 Qb6 21. Qf3 Ba6 22. Rfe1 Re5 23. Qf4 Rce8 24. h4 d4 25. e4 a4 26. Qd2 axb3 27. axb3 Qxb3 28. Rb1 Qd3 29. Qa5 Ng4 30. Rb2 Qc3 31. Qa1 Rxg5 32. hxg5 d3 33. Rc1 Qd4 34. Rd2 Qxa1 35. Rxa1 Bb5 36. Rb1 Rb8 37. Rxd3 Bxd3 38. Rxb8+ Kh7 39. Rc8 c4 40. Rc7 Kg8 41. Rc8+ Kh7 42. f4 Ne3 43. Bf3 Nf1 44. Kf2 Nd2 45. e5 Bf5 46. Rc7 Be6 47. g4 Kg8 48. Be2 c3 49. Ke3 1-0

[Variant "Standard"]
[Site "Europe Echecs"]

[Event "Sunway Sitges Chess Festival"]
[Date "2024.12.21"]
[White "Aloma Vidal, Robert"]
[Black "Vetokhin, Savva"]
[WhiteElo "2398"]
[BlackElo "2502"]
[Round "4.4"]
[Result "1/2-1/2"]
[TimeControl "40/5400+30:1800+30"]

1. Nf3 Nf6 2. c4 e6 3. g3 d5 4. Bg2 dxc4 5. O-O a6 6. a4 Bd6 7. Na3 b5 8. axb5 axb5 9. Nd4 Ra5 10. Ndxb5 Ba6 11. Nxd6+ cxd6 12. b4 cxb3 13. d3 Nbd7 14. Bd2 Rc5 15. Qxb3 Nd5 16. Nc4 Bxc4 17. dxc4 N5b6 18. Bb4 Qc7 19.
Bxc5 Nxc5 20. Qb5+ Ke7 21. Qb2 Rg8 22. Rfb1 Nbd7 23. Qd4 Nf6 24. Ra3 Rc8 25. g4 h6 26. h4 g5 27. hxg5 hxg5 28.
Rf3 e5 29. Qe3 Ne6 30. Rxf6 Kxf6 31.
Bd5 Rb8 32. Rxb8 Qxb8 33. Qe4 Qg8 34.
Qf5+ Ke7 35. Bxe6 fxe6 36. Qb1 Kf6 37.
Qb6 Qf8 38. Qc7 Qe7 39. Qb8 Kg7 40. Kg2 Qd7 41. Qb6 Kf6 42. f3 Qe7 43. Kf2 Qd7 44. Ke1 Ke7 45. Kd2 Qd8 46. Qa7+ Qd7 47. Qa8 Qd8 48. Qb7+ Kf6 49. Qa7 Qc8 50. Kc3 Qc6 51. Qa5 Kf7 52. Qa7+ Kf6 53. Kb4 Kg6 54. Qa5 Kf7 55. Kb3 Qb7+ 56. Kc3 Qc6 57. Kd3 Qb7 58. Qb5 Qa7 59. Qb2 Kf6 60. e3 Qa8 61. Ke2 Qa4 62. Qc3 Qa2+ 63. Kf1 Qb1+ 64. Kf2 Qa2+ 1/2-1/2

[Variant "Standard"]
[Site "Europe Echecs"]

[Event "Sunway Sitges Chess Festival"]
[Date "2024.12.21"]
[White "Travadon, Loic"]
[Black "Anwesh, Upadhyaya"]
[WhiteElo "2428"]
[BlackElo "2379"]
[Round "4.5"]
[Result "0-1"]
[TimeControl "40/5400+30:1800+30"]

1. e4 e5 2. Nf3 Nc6 3. Bb5 a6 4. Ba4 Nf6 5. O-O b5 6. Bb3 Be7 7. Re1 d6 8. a4 Bd7 9. c3 Na5 10. Bc2 c5 11. d4 Nc6 12. d5 Na5 13. b4 cxb4 14. cxb4 Nc4 15. Nbd2 Nxd2 16. Bxd2 O-O 17. a5 Qb8 18. Bd3 Rc8 19. h3 Qb7 20. Nh2 g6 21. Qf3 Qc7 22. Kh1 Qd8 23. g4 Ne8 24. Qe3 Bf8 25. Rg1 Bg7 26. Rg2 Rc7 27. Rag1 Rb8 28. Nf1 Bc8 29. Ng3 Qh4 30. Rh2 Qe7 31. f3 Qh4 32. Ne2 Qe7 33. h4 h6 34. h5 g5 35. Qf2 Bf6 36. Be3 Bd7 37. Kg2 Ng7 38. Rhh1 Qf8 39. Rb1 Bd8 40. Kf1 Rcc8 41. Ke1 Qe7 42. Kd2 Be8 43. Rhc1 Qb7 44. Nc3 Bd7 45. Rb2 Ne8 46. Rbc2 Kf8 47. Na2 Rxc2+ 48. Rxc2 Rc8 49. Rxc8 Bxc8 50. Nc1 Nf6 51. Qf1 Bd7 52. Ne2 Ne8 53. Nc3 Nf6 54. Qg1 Bc8 55. Kc2 Bd7 56. Kb2 Bc8 57. Qh2 Bd7 58. Qg2 Bc8 59. Qd2 Ne8 60. Qf2 Nf6 61. Qe2 Bd7 62. Ka3 Ne8 63. Kb2 Nf6 64. Nb1 Bc8 65. Nd2 Bd7 66. Nb3 Be8 67. Qd2 Ng8 68. Qc3 Nf6 69. Nc5 Qa8 70. Be2 Kg8 71. Nd3 Qb7 72. Nxe5 dxe5 73. Qxe5 Qe7 74. Qc3 Bc7 75. Bc5 Qe5 76. Bd4 Qh2 77. Bxf6 Qxe2+ 78. Ka3 Bf4 79. Bh8 Qe3 80. Qxe3 Bxe3 81. Bf6 Kf8 82. Kb3 Bd2 83. Bd4 f5 84. Bc5+ Kf7 85. gxf5 Bf4 86. Bd4 Ke7 87. e5 Bxh5 88. Bc5+ Ke8 89. e6 Bxf3 90. d6 Bc6 91. Kc3 Be5+ 92. Kd3 h5 93. d7+ Bxd7 94. Ke4 Bf6 95. Kd5 Bc8 96. Kc6 h4 97. Kc7 Bxe6 98. fxe6 h3 99. Bd6 Be7 100. Bg3 Bxb4 101. Kb6 Be1 102. Bh2 b4 0-1

[Variant "Standard"]
[Site "Europe Echecs"]